 Dungeon Crawl Stone Soup version 0.30-a0-118-ga018f8e90f (webtiles) character file.

Game seed: 5992451403801417631

311 Ofeo the Trooper (level 6, -3/51 HPs)
             Began as a Palentonga Delver on Sept 14, 2022.
             Was an Initiate of Qazlal.
             Slain by a gnoll
             ... wielding a +0 halberd
             ... led by a gnoll bouda
              (10 damage)
             ... on level 5 of the Dungeon.
             The game lasted 00:06:13 (5720 turns).

Ofeo the Trooper (Palentonga Delver)                Turns: 5720, Time: 00:06:14

Health: -3/51      AC:  5    Str: 17 (19) XL:     6   Next: 18%
Magic:  6/6        EV: 10    Int:  8 (11) God:    Qazlal [......]
Gold:   284        SH:  0    Dex: 10 (11) Spells: 5/5 levels left

rFire   . . .      SeeInvis +    u - +0 battleaxe
rCold   . . .      Faith    .    (shield currently unavailable)
rNeg    . . .      Spirit   .    b - +0 leather armour
rPois   .          Reflect  .    v - +0 helmet
rElec   .          Harm     .    (no cloak)
rCorr   .          Rampage  .    (no gloves)
Will    .....                    (no barding)
Stlth   ++........               (no amulet)
HPRegen 0.17/turn                (no ring)
MPRegen 0.10/turn                (no ring)

@: weakened
A: large, rugged brown scales 3, see invisible, deformed body, roll 1, armoured
tail
a: Rolling Charge, Renounce Religion


You were on level 5 of the Dungeon.
You worshipped Qazlal.
Qazlal was noncommittal.
You visited 1 branch of the dungeon, and saw 5 of its levels.

You collected 284 gold pieces.

Inventory:

Hand Weapons
 r - a +1 war axe
 u - a +0 battleaxe (weapon)
Armour
 b - a +0 leather armour (worn)
 v - a +0 helmet (worn)
Jewellery
 m - a ring of protection from fire
Wands
 g - a wand of digging (2) {@v1}
 h - a wand of roots (8)
Scrolls
 a - a scroll of summoning {unknown}
 c - 3 scrolls of fog
 d - a scroll of magic mapping
 i - a scroll of identify {@r1}
 l - 3 scrolls of teleportation {@r3}
 o - a scroll of amnesia
 s - a scroll of fear
 t - 2 scrolls of noise
 w - a scroll of brand weapon
 y - a scroll of poison
 A - a scroll of torment
Potions
 e - a potion of degeneration
 f - a potion of haste {@q3}
 j - a potion of berserk rage
 k - a potion of curing {unknown}
 n - a potion of might {@q4}
 p - 3 potions of brilliance
 q - a potion of attraction
 x - a potion of mutation {unknown}
 z - a potion of heal wounds {unknown}


   Skills:
 + Level 4.3 Fighting
 + Level 2.1(2.8) Axes
 - Level 2.7(3.1) Maces & Flails
 + Level 3.0 Dodging
 + Level 4.1 Stealth


You had 5 spell levels left.
You didn't know any spells.
Your spell library contained the following spells:

 Spells                   Type           Power      Damage    Failure   Level
 Magic Dart               Conj           0%         1d3       47%         1
 Summon Small Mammal      Summ           0%         N/A       47%         1
 Call Imp                 Summ           0%         N/A       63%         2
 Call Canine Familiar     Summ           0%         N/A       85%         3
 Mephitic Cloud           Conj/Pois/Air  0%         N/A       85%         3
 Summon Guardian Golem    Hex/Summ       0%         N/A       85%         3
 Olgreb's Toxic Radiance  Pois           0%         N/A       99%         4
 Petrify                  Tmut/Erth      0%         N/A       99%         4
 Metabolic Englaciation   Hex/Ice        0%         N/A       100%        5
 Statue Form              Tmut/Erth      0%         N/A       100%        6
 Ozocubu's Refrigeration  Ice            0%         4d7       100%        7
 Ignition                 Fire           0%         3d3       100%        8


Dungeon Overview and Level Annotations

Branches:
Dungeon (5/15)
 Temple: D:4-7

Altars:
Ashenzari
Elyvilon
Okawaru
Qazlal
Ru
The Shining One

Annotations:
D:4 2 transporters, ytrimaz's ghost, amateur DsBe
D:5 3 runed translucent doors, Lance11888's ghost, novice OpTm


Innate Abilities, Weirdness & Mutations

You are completely covered in rugged brown scales. (AC +3, +7% HP)
You have supernaturally acute eyesight. (SInv)
Armour fits poorly on your strangely shaped body.
You can roll at nearby foes to attack.
You have a long armoured tail.


Message History

The gnoll bouda closely misses you.
Okay, then.
Okay, then.
You slash the gnoll bouda!
Your tail-slap misses the gnoll bouda.
The gnoll bouda is heavily wounded.
The gnoll bouda gazes fiercely through you!
You feel as though you will be weak longer.
The gnoll bouda barely misses you.
You slash the gnoll bouda!
The gnoll bouda is almost dead.
The gnoll closely misses you.
The gnoll bouda barks out a call to the hunt!
The gnolls pick up the pace!
The gnoll barely misses you.
The gnoll bouda hits you with a +0 whip!
You take 8 damage, and have 17/51 hp.
You hit the gnoll bouda.
You kill the gnoll bouda!
Qazlal accepts your kill. The gnoll closely misses you.
Your Dodging skill increases to level 3!
The gnoll closely misses you. The gnoll barely misses you.
Press: ? - help, v - describe, . - travel
Here: a gnoll, wielding a +0 halberd (covering ground quickly)
The floor.
The gnoll hits you from afar with a +0 halberd.
You take 2 damage, and have 16/51 hp.
Okay, then.
The gnoll hits you from afar with a +0 halberd!
* * * LOW HITPOINT WARNING * * *
You take 10 damage, and have 7/51 hp.
Aiming: Fastroot
Press: ? - help, Shift-Dir - straight line, f - gnoll
Aim: a gnoll, wielding a +0 halberd (covering ground quickly)
The roots erupt in riotous growth!
Roots grab the gnoll.
The grasping roots constrict the gnoll.
The gnoll hits you from afar with a +0 halberd!
You die...

###..#..#.#####.#.........
..#..#..#.......#.........
###.#..#....................
..#.#..#..............>.....
#g#.#..#....................
#g#.#..#........###.........
###)#......#....### #.........
..#)########.....# #####.##.#
#.#..g....g#.@...# ####..#..
#.#......#g#.#...# ##........
#.#....#.#.#g#...# #..###+++#
#.#..#.#.#.g.#...# ##.##...$..
#.####.#.#.###...###..#.......
#......#.#.#.......#.##W......
########.#.#.........#...####.
#.......#.+........##..##$!##
#.#########........#..# .....


You could see 2 gnolls.

Vanquished Creatures
  A hound (D:3)
  A gnoll bouda (D:5)
  2 orc priests
  8 adders
  A gnoll (D:5)
  A worm (D:2)
  4 dart slugs
  11 orcs
  8 endoplasms
  4 giant cockroaches
  6 goblins
  7 hobgoblins
  2 jackals (D:3)
  2 quokkas
  11 ball pythons
  5 bats
  7 frilled lizards
  5 kobolds
  12 rats
98 creatures vanquished.

Notes
Turn   | Place    | Note
-------+----------+-------------------------------------------
     0 | D:5      | Ofeo the Palentonga Delver began the quest for the Orb.
     0 | D:5      | Reached XP level 1. HP: 19/19 MP: 1/1
     3 | D:5      | Found a runed translucent gate.
    35 | D:5      | Noticed an ice beast
    36 | D:5      | Noticed Lance11888's ghost (novice OpTm)
    38 | D:5      | Noticed a water moccasin simulacrum
   371 | D:1      | Reached XP level 2. HP: 25/25 MP: 2/2
   840 | D:1      | Reached XP level 3. HP: 31/31 MP: 3/3
  1742 | D:2      | Found a broken altar of Ashenzari.
  2364 | D:2      | Found a faded altar of an unknown god.
  2374 | D:2      | Reached XP level 4. HP: 13/37 MP: 4/4
  3442 | D:3      | Reached skill level 1 in Axes
  3444 | D:3      | Reached XP level 5. HP: 16/44 MP: 5/5
  3958 | D:3      | Found a stormy altar of Qazlal.
  4259 | D:3      | Found a sacrificial altar of Ru.
  4260 | D:3      | Found a glowing golden altar of the Shining One.
  4468 | D:3      | Became a worshipper of Qazlal Stormbringer
  4684 | D:4      | Found a white marble altar of Elyvilon.
  4857 | D:4      | Found a transporter.
  4857 | D:4      | Noticed ytrimaz's ghost (amateur DsBe)
  4876 | D:4      | Found a transporter.
  5064 | D:4      | Found an iron altar of Okawaru.
  5156 | D:4      | HP: 2/44 [poisoned by an adder]
  5511 | D:4      | Reached XP level 6. HP: 51/51 MP: 6/6
  5720 | D:5      | Slain by a gnoll

Illustrated notes

Levels and vault maps discovered:
D:1:      saegor_arrival_simple_b, layout_basic, due_unseen_surprise
D:2:      minmay_razor_zed, layout_rooms, nicolae_ecumenical_snake_handling,
          basic_altar
D:3:      layout_rooms, jmf_multi_god_temple, grunt_qazlal_clouds
D:4:      layout_rooms, okawaru_metal_pillars_1_2, lemuel_doored_altar,
          gammafunk_ghost_mausoleum
D:5:      layout_basic, gammafunk_temple_overflow_elements, gammafunk_ghost_icy

Skill      XL: |  1  2  3  4  5  6 |
---------------+-------------------+-----
Dodging        | 2 3 |  3.0
Axes           | 1 2 |  2.1
Stealth        | 4 |  4.1
Fighting       | 4 |  4.3
Maces & Flails | |  2.7

Action                   |  1- 3 |  4- 6 || total
-------------------------+-------+-------++-------
Melee: Mace              |    66 |       ||    66
       Tailslap          |     6 |     9 ||    15
       War axe           |    27 |    48 ||    75
       Battleaxe         |       |    68 ||    68
 Abil: Rolling Charge    |    23 |    16 ||    39
Evoke: Wand              |     1 |     1 ||     2
  Use: Scroll            |       |    11 ||    11
       Potion            |       |     1 ||     1
 Stab: Sleeping          |     1 |     7 ||     8
       Distracted        |       |     1 ||     1
Armor: Leather armour    |    29 |    34 ||    63
Dodge: Dodged            |    35 |    81 ||   116

Table legend: (Time is in decaauts)
 A = Elapsed time spent in this place.
 B = Non-inter-level travel time spent in this place.
 C = Inter-level travel time spent in this place.
 D = Time resting spent in this place.
 E = Time spent auto-exploring this place.
 F = Levels seen in this place.
 G = Mean time per level.
                   A        B        C        D        E       F      G
               +--------+--------+--------+--------+--------+-----+--------+
         Total |   5807 |   5669 |    138 |   1552 |   3393 |   5 | 1161.4 |
       Dungeon |   5807 |   5669 |    138 |   1552 |   3393 |   5 | 1161.4 |
               +--------+--------+--------+--------+--------+-----+--------+

Top non-repeatable levels by time:
     D:2: 2258 daAuts
     D:1: 1417 daAuts
     D:4: 1156 daAuts
     D:3: 780 daAuts
     D:5: 193 daAuts
